 Dungeon Crawl Stone Soup version 0.30-a0-737-gf23d94013f (webtiles) character file.

Game seed: 680765269155532383

2548 dialectric the Protected (level 9, -2/68 HPs)
             Began as a Gargoyle Fighter on Feb 2, 2023.
             Was a Plaything of Xom.
             Slain by a yak (6 damage)
             ... on level 8 of the Dungeon.
             The game lasted 00:08:37 (5129 turns).

dialectric the Protected (Gargoyle Fighter)         Turns: 5129, Time: 00:08:37

Health: -2/68      AC: 20    Str: 20    XL:     9   Next: 56%
Magic:  6/9        EV: 11    Int: 17    God:    Xom [.....*]
Gold:   496        SH:  0    Dex: 13    Spells: 6/8 levels left

rFire   + . .      SeeInvis .    q - +1 great sword (heavy)
rCold   + + .      Faith    .    (shield currently unavailable)
rNeg    + . .      Spirit   .    F - +0 steam dragon scales
rPois   ∞          Reflect  .    (helmet restricted)
rElec   +          Harm     .    (no cloak)
rCorr   .          Rampage  .    (no gloves)
Will    .....      Clarity  +    (no boots)
Stlth   ++++                     (no amulet)
HPRegen 0.31/turn                (no ring)
MPRegen 0.11/turn                (no ring)

@: flying
A: sickness immunity, AC +6, negative energy resistance 1, electricity
resistance, torment resistance 1, petrification resistance, big wings, fangs 1,
horns 1, talons 1, iridescent scales 3, thin skeletal structure 1, camouflage 1,
agile 1, clarity, clever 2, cold resistance 2, fire resistance 1, robust 2,
shaggy fur 1, wild magic 3, MP-powered wands
a: Renounce Religion


You were on level 8 of the Dungeon.
You worshipped Xom.
You were Xom's teddy bear.
You visited 1 branch of the dungeon, and saw 8 of its levels.

You collected 496 gold pieces.

Inventory:

Hand Weapons
 a - a +0 long sword
 q - a +1 heavy great sword (weapon)
 u - the +3 hand axe "Nadeloba" {flame, SInv}
   (You found it on level 3 of the Dungeon)

   SInv:      It lets you see invisible.
 E - a +1 falchion of holy wrath
Armour
 b - a +0 scale mail
 c - a +0 buckler
 y - a +0 helmet
 F - +0 steam dragon scales (worn)
Jewellery
 e - an amulet of guardian spirit
 w - a +6 ring of intelligence
Wands
 D - a wand of mindburst (6)
Scrolls
 h - 3 scrolls of teleportation
 i - 2 scrolls of enchant weapon {unknown}
 j - 2 scrolls of identify
 k - a scroll of blinking {unknown}
 m - 2 scrolls of noise {unknown}
 p - 2 scrolls of magic mapping {unknown}
 v - a scroll of fear
 x - a scroll of amnesia
 A - a scroll of enchant armour {unknown}
 B - a scroll of summoning {unknown}
 C - 2 scrolls of fog
Potions
 d - a potion of might
 f - 2 potions of attraction {unknown}
 g - a potion of lignification
 l - 2 potions of cancellation
 n - 6 potions of heal wounds
 o - 2 potions of degeneration {unknown}
 r - 3 potions of curing
 s - 2 potions of flight {unknown}
 t - 2 potions of brilliance {unknown}
 z - a potion of magic {unknown}


   Skills:
 * Level 7.1 Fighting
 + Level 5.8 Long Blades
 * Level 10.5 Armour
 - Level 0.1 Dodging
 - Level 2.0 Stealth
 + Level 3.5 Shields


You had 6 spell levels left.
You knew the following spells:

 Your Spells              Type           Power      Damage    Failure   Level
a - Ensorcelled Hibernat  Hex/Ice        0%         N/A       61%         2

Your spell library contained the following spells:

 Spells                   Type           Power      Damage    Failure   Level
 Kiss of Death            Conj/Necr      0%         2d5       50%         1
 Passwall                 Tmut/Erth      0%         N/A       61%         2
 Static Discharge         Conj/Air       0%         2-2/arc   61%         2
 Confusing Touch          Hex            0%         N/A       80%         3
 Dazzling Flash           Conj/Hex       0%         N/A       80%         3
 Swiftness                Air            0%         N/A       80%         3
 Dispel Undead            Necr           0%         3d6       99%         4
 Agony                    Necr           0%         N/A       100%        5
 Arcjolt                  Conj/Air       0%         1d10      100%        5
 Lightning Bolt           Conj/Air       0%         1d11      100%        5
 Silence                  Hex/Air        0%         N/A       100%        5


Dungeon Overview and Level Annotations

Branches:
Dungeon (8/15)             Temple (0/1) D:5
   Lair: D:8-11

Altars:
Ashenzari
Dithmenos
Fedhas
Ru
Uskayaw
Vehumet
Xom
Yredelemnul

Shops:
D:5 :


Innate Abilities, Weirdness & Mutations

You are immune to sickness and miasma.
Your stone body is resilient. (AC +6)
You are immune to poison.
You resist negative energy. (rN+)
You are resistant to electric shocks. (rElec)
You are resistant to unholy torment.
You are immune to petrification.
Your large and strong wings let you fly.
You have very sharp teeth.
You have a pair of small horns on your head.
You have sharp toenails.
You are completely covered in iridescent scales. (AC +6)
You have a somewhat thin skeletal structure. (Dex +2, Stealth+)
Your skin changes colour to match your surroundings (Stealth+).
You are agile. (Dex +4, Str/Int -1)
You possess an exceptional clarity of mind.
Your mind is very acute. (Int +8, Str/Dex -2)
Your flesh is very cold resistant. (rC++)
Your flesh is heat resistant. (rF+)
You are very robust. (+20% HP)
You are covered in fur. (AC +1)
Your spells are much harder to cast, but much more powerful.
You expend magic power (3 MP) to strengthen your wands.


Message History

The sky beast hits you but does no damage.
A yak comes into view.
The yak bellows! x2; You hear a bellow!
A yak comes into view.
The yak bellows!
You slash the sky beast! You claw the sky beast.
Your headbutt misses the sky beast.
The sky beast is severely wounded.
The sky beast hits you but does no damage.
The sky beast closely misses you.
You closely miss the sky beast. Your kick misses the sky beast.
The sky beast is severely wounded.
The sky beast barely misses you.
A yak comes into view.
The sky beast flickers out of sight!
Deactivating autopickup; reactivate with Ctrl-A.
Something hits you but does no damage.
You miss something. Your kick misses something. Your headbutt misses something.
Something hits you but does no damage.
A yak comes into view.
The yak gores you. The yak gores you but does no damage. The yak gores you.
Something hits you but does no damage.
You miss something.
The yak bellows!
Your kick misses something. The yak gores you but does no damage.
Something hits you. Something shocks you. You resist.
The yak gores you but does no damage. x2; The yak gores you.
* * * LOW HITPOINT WARNING * * *
The yak closely misses you. The yak barely misses you.
Something hits you but does no damage.
The yak snorts and paws the ground.
Unknown command.
You reach down and open the door. 3 killer bees come into view.
The yak gores you but does no damage. The yak gores you!
* * * LOW HITPOINT WARNING * * *
The yak gores you but does no damage. Something hits you but does no damage.
The yak attacks as you move away! The yak gores you.
You die...
Xom giggles madly!

..!.......###....#.
.###...............).#.
.......................[
..#.....#.....#.....))..
...Y....##....#.........
....Y...##..............
........................
......YYY....##.........
#.Y@{....#.........~
##'#+#####.......... ...
............ ..y..
....##....... .......
..... #....... .......
..... #######. ..y.y..
#. ....... #.


You could see 6 yaks and 3 killer bees.

Vanquished Creatures
  Joseph (D:8)
  A hornet (D:8)
  2 water moccasins
  A black bear (D:5)
  2 ice beasts
  A sky beast (D:7)
  3 ogres
  A phantom (D:5)
  Blork the orc (D:5)
  2 bullfrogs (D:7)
  A scorpion (D:5)
  A howler monkey (D:7)
  An electric eel (D:8)
  An orc priest (D:6)
  4 hounds
  2 jellies
  2 iguanas (D:6)
  3 orc wizards
  Robin (D:4)
  A gnoll (D:1)
  12 adders
  A worm (D:3)
  2 dart slugs (D:3)
  26 orcs
  4 bats
  3 endoplasms
  4 giant cockroaches
  8 goblins
  7 hobgoblins
  A jackal (D:4)
  3 quokkas
  6 ball pythons
  5 frilled lizards
  2 kobolds
  6 rats
  A bush (D:6)
123 creatures vanquished.

Vanquished Creatures (collateral kills)
  An orc warrior (D:6)
  A bullfrog (D:6)
  2 hounds
  An orc priest (D:6)
  2 orcs (D:6)
  A bat (D:1)
  5 goblins (D:4)
13 creatures vanquished.

Vanquished Creatures (others)
  An orc wizard (D:8)
  4 plants (D:5)
5 creatures vanquished.

Grand Total: 141 creatures vanquished

Notes
Turn   | Place    | Note
-------+----------+-------------------------------------------
     0 | D:1      | dialectric the Gargoyle Fighter began the quest for the
                  | Orb.
     0 | D:1      | Reached XP level 1. HP: 14/14 MP: 1/1
    46 | D:1      | Found a faded altar of an unknown god.
    69 | D:1      | Reached XP level 2. HP: 3/19 MP: 2/2
    80 | D:1      | Prayed at the altar of an unknown god.
    80 | D:1      | Became a worshipper of Xom of Many Doors
   228 | D:1      | XOM: divination: magic mapping
   250 | D:1      | XOM: silly message
   604 | D:1      | Reached XP level 3. HP: 21/23 MP: 3/3
   742 | D:1      | XOM: give mutations
   742 | D:1      | Gained mutation: Your mind is acute. (Int +4, Str/Dex -1)
                  | [Xom's grace]
   742 | D:1      | Gained mutation: Your large and strong wings let you fly.
                  | [Xom's grace]
   742 | D:1      | Gained mutation: You are covered in fur. (AC +1) [Xom's
                  | grace]
   742 | D:1      | Gained mutation: You are partially covered in iridescent
                  | scales. (AC +2) [Xom's grace]
   771 | D:1      | XOM: cast spell 'Call Canine Familiar'
  1167 | D:2      | XOM: fog
  1181 | D:2      | Reached XP level 4. HP: 29/29 MP: 4/4
  1579 | D:3      | XOM: god gift: Xom's Volume of a Billion Ghosts {god gift}
  1580 | D:3      | Got Xom's Volume of a Billion Ghosts {god gift}
  1615 | D:3      | Identified the +3 hand axe "Nadeloba" {flame, SInv}
  1625 | D:3      | Reached skill level 4 in Armour
  1715 | D:3      | XOM: enchant monster (good)
  1718 | D:3      | XOM: 7-stop teleportation journey
  1729 | D:3      | Learned a level 2 spell: Ensorcelled Hibernation
  1852 | D:3      | Reached XP level 5. HP: 33/33 MP: 5/5
  1877 | D:4      | XOM: give mutations
  1877 | D:4      | Gained mutation: Your mind is very acute. (Int +8, Str/Dex
                  | -2) [Xom's grace]
  1877 | D:4      | Gained mutation: You expend magic power (3 MP) to
                  | strengthen your wands. [Xom's grace]
  1948 | D:4      | XOM: summons friendly quasit
  1954 | D:4      | Reached skill level 5 in Armour
  1986 | D:4      | Noticed Robin
  1986 | D:4      | XOM: 2-stop teleportation journey
  2013 | D:4      | Noticed an ogre
  2015 | D:4      | XOM: scenery: summon butterflies
  2019 | D:4      | Killed an ogre
  2020 | D:4      | Reached skill level 1 in Stealth
  2020 | D:4      | Reached XP level 6. HP: 38/39 MP: 6/6
  2025 | D:4      | Found a basalt altar of Yredelemnul.
  2057 | D:4      | XOM: summons 6 friendly demons
  2224 | D:4      | Killed Robin
  2294 | D:4      | XOM: give mutations
  2294 | D:4      | Gained mutation: You have a pair of small horns on your
                  | head. [Xom's grace]
  2294 | D:4      | Gained mutation: Your spells are a little harder to cast,
                  | but a little more powerful. [Xom's grace]
  2294 | D:4      | Gained mutation: Your flesh is cold resistant. (rC+) [Xom's
                  | grace]
  2577 | D:5      | Entered Level 5 of the Dungeon
  2581 | D:5      | Noticed a water moccasin
  2581 | D:5      | XOM: fog
  2595 | D:5      | Killed a water moccasin
  2596 | D:5      | Reached skill level 6 in Armour
  2617 | D:5      | XOM: give mutations
  2617 | D:5      | Gained mutation: Your skin changes colour to match your
                  | surroundings (Stealth+). [Xom's grace]
  2617 | D:5      | Gained mutation: You are agile. (Dex +4, Str/Int -1) [Xom's
                  | grace]
  2617 | D:5      | Gained mutation: Your flesh is very cold resistant. (rC++)
                  | [Xom's grace]
  2617 | D:5      | Gained mutation: You have sharp toenails. [Xom's grace]
  2641 | D:5      | Noticed Blork the orc
  2650 | D:5      | Killed Blork the orc
  2651 | D:5      | Reached XP level 7. HP: 16/44 MP: 7/7
  2814 | D:5      | Reached skill level 5 in Fighting
  2857 | D:5      | XOM: give mutations
  2857 | D:5      | Gained mutation: You have a somewhat thin skeletal
                  | structure. (Dex +2, Stealth+) [Xom's grace]
  2857 | D:5      | Gained mutation: You have very sharp teeth. [Xom's grace]
  2857 | D:5      | Gained mutation: You are robust. (+10% HP) [Xom's grace]
  2857 | D:5      | Gained mutation: Your spells are harder to cast, but more
                  | powerful. [Xom's grace]
  3023 | D:5      | Found Jainkol's Book Shop.
  3023 | D:5      | XOM: 11-stop teleportation journey
  3137 | D:5      | Reached skill level 7 in Armour
  3226 | D:5      | XOM: summons friendly quasit
  3350 | D:6      | Reached skill level 8 in Armour
  3351 | D:6      | Found a broken altar of Ashenzari.
  3402 | D:6      | Reached XP level 8. HP: 42/55 MP: 8/8
  3573 | D:6      | XOM: enchant monster (bad)
  3593 | D:6      | XOM: summons friendly iron imp
  3698 | D:7      | XOM: give mutations
  3698 | D:7      | Gained mutation: Your flesh is heat resistant. (rF+) [Xom's
                  | grace]
  3698 | D:7      | Gained mutation: You are very robust. (+20% HP) [Xom's
                  | grace]
  3698 | D:7      | Gained mutation: Your spells are much harder to cast, but
                  | much more powerful. [Xom's grace]
  3705 | D:7      | XOM: give mutations
  3705 | D:7      | Gained mutation: You are mostly covered in iridescent
                  | scales. (AC +4) [Xom's grace]
  3705 | D:7      | Gained mutation: You are completely covered in iridescent
                  | scales. (AC +6) [Xom's grace]
  3705 | D:7      | Gained mutation: You possess an exceptional clarity of
                  | mind. [Xom's grace]
  3729 | D:7      | Reached skill level 9 in Armour
  3897 | D:7      | XOM: polymorph steam dragon -> ice beast
  3901 | D:7      | XOM: cast spell 'Death Channel'
  4033 | D:7      | XOM: 3-stop teleportation journey
  4250 | D:6      | XOM: 1-stop teleportation journey
  4253 | D:6      | XOM: summons 8 friendly demons
  4264 | D:6      | Reached XP level 9. HP: 62/67 MP: 9/9
  4266 | D:6      | Reached skill level 10 in Armour
  4335 | D:6      | Found a radiant altar of Vehumet.
  4516 | D:6      | Found a blossoming altar of Fedhas.
  4516 | D:6      | Found a sacrificial altar of Ru.
  4516 | D:6      | Found a shadowy altar of Dithmenos.
  4872 | D:5      | Found a staircase to the Ecumenical Temple.
  4936 | D:5      | XOM: enchant monster (good)
  5023 | D:8      | Found a hide-covered altar of Uskayaw.
  5029 | D:8      | Reached skill level 5 in Long Blades
  5032 | D:8      | Noticed Joseph
  5043 | D:8      | XOM: potion effect (brilliance)
  5072 | D:8      | Noticed a hornet
  5075 | D:8      | Killed Joseph
  5079 | D:8      | Killed a hornet
  5108 | D:8      | XOM: confuse monster(s)
  5129 | D:8      | Slain by a yak

Illustrated notes

Levels and vault maps discovered:
D:1:      dpeg_arrival_long_road, layout_loops_cross,
          ebering_ecumenical_altar_hall, grunt_decor_mini_mirrors
D:2:      layout_loops_cross
D:3:      layout_rooms, roderic_batcave, minivault_24, kennysheep_generic_room_9
D:4:      layout_cave_pools, mainiacjoe_overflow_brackets,
          kennysheep_generic_room_12, uniq_robin
D:5:      layout_loops_ring, minmay_temple_entry_gardened_gates, serial_shops,
          shop, grunt_tough_drop, uniq_blork_the_orc
D:6:      layout_basic, overflow_temple_1_default,
          gammafunk_temple_overflow_forgotten,
          mainiacjoe_overflow_surrounded_room
D:7:      layout_loops_ring
D:8:      layout_basic, dancing_weapons_uskayaw, uniq_joseph

Skill      XL: |  1  2  3  4  5  6  7  8  9 |
---------------+----------------------------+-----
Long Blades    | 2 3 4 5 |  5.8
Armour         | 4 5 6 8 9 10 | 10.5
Fighting       | 4 5 6 7 |  7.1
Stealth        | 1 2 |  2.0
Dodging        | |  0.1
Shields        | |  3.5

Action                     |  1- 3 |  4- 6 |  7- 9 || total
---------------------------+-------+-------+-------++-------
  Melee: Long sword        |   120 |    36 |       ||   156
         Punch             |     1 |       |       ||     1
         Great sword       |       |   128 |   146 ||   274
         Headbutt          |       |     2 |    16 ||    18
         Kick              |       |     1 |    27 ||    28
         Bite              |       |       |     6 ||     6
  Evoke: Wand              |       |       |     2 ||     2
    Use: Potion            |       |     1 |     4 ||     5
         Scroll            |       |       |     6 ||     6
   Stab: Paralysed         |       |     1 |       ||     1
         Sleeping          |       |       |     5 ||     5
 Armour: Scale mail        |    91 |   266 |   136 ||   493
         Skin              |       |       |    16 ||    16
         Steam dragon scal |       |       |    65 ||    65
  Dodge: Dodged            |    53 |   195 |   132 ||   380

Table legend: (Time is in decaauts)
 A = Elapsed time spent in this place.
 B = Non-inter-level travel time spent in this place.
 C = Inter-level travel time spent in this place.
 D = Time resting spent in this place.
 E = Time spent auto-exploring this place.
 F = Levels seen in this place.
 G = Mean time per level.
                   A        B        C        D        E       F      G
               +--------+--------+--------+--------+--------+-----+--------+
         Total |   5528 |   5232 |    296 |    109 |   3509 |   8 |  691.0 |
       Dungeon |   5528 |   5232 |    296 |    109 |   3509 |   8 |  691.0 |
               +--------+--------+--------+--------+--------+-----+--------+

Top non-repeatable levels by time:
     D:5: 969 daAuts
     D:1: 894 daAuts
     D:6: 854 daAuts
     D:2: 698 daAuts
     D:4: 676 daAuts
     D:3: 656 daAuts
     D:7: 643 daAuts
     D:8: 134 daAuts
